[ AOE2 MATCH · #467387148 ]
UnrankedEthiopians vs Britons
[ REPLAY ANALYSIS · EXTRACTED FROM THE RECORDED GAME ]
Feudal
13:08
Castle
26:02
Imperial
—
| APM avg | 17.3 |
| APM peak | 42 |
| eAPM avg | 11.9 |
| Villagers / military | 87 / 80 |
Focus
⚔️ 24.6% · 🌾 75.4%
Skirmisher ×44 · Camel Scout ×15 · Archer ×13 · Trade Cart ×11 · Scout Cavalry ×8
Feudal
11:16
Castle
22:51
Imperial
35:23
| APM avg | 17.1 |
| APM peak | 46 |
| eAPM avg | 11.6 |
| Villagers / military | 84 / 59 |
Focus
⚔️ 26.9% · 🌾 73.1%
Skirmisher ×23 · Archer ×20 · Spearman ×10 · Battering Ram ×3 · Monk ×2 · Trade Cart ×1
Feudal
14:34
Castle
39:50
Imperial
—
| APM avg | 21.3 |
| APM peak | 50 |
| eAPM avg | 10.1 |
| Villagers / military | 54 / 28 |
Focus
⚔️ 25.8% · 🌾 74.2%
Spearman ×16 · Serjeant ×12 · Trade Cart ×1
Feudal
15:24
Castle
22:21
Imperial
36:26
| APM avg | 16.6 |
| APM peak | 49 |
| eAPM avg | 8.9 |
| Villagers / military | 45 / 3 |
Focus
⚔️ 11.8% · 🌾 88.2%
Trade Cart ×13 · Trebuchet (Packed) ×3
Feudal
14:36
Castle
23:44
Imperial
—
| APM avg | 13.5 |
| APM peak | 34 |
| eAPM avg | 10.5 |
| Villagers / military | 77 / 64 |
Focus
⚔️ 30.0% · 🌾 70.0%
Camel Scout ×29 · Skirmisher ×27 · Battering Ram ×8
Feudal
11:35
Castle
17:17
Imperial
34:10
| APM avg | 23.5 |
| APM peak | 50 |
| eAPM avg | 13.9 |
| Villagers / military | 104 / 89 |
Focus
⚔️ 21.9% · 🌾 78.1%
Spearman ×56 · Knight ×23 · Throwing Axeman ×5 · Battering Ram ×2 · Trebuchet (Packed) ×2 · Monk ×1
Match map
Initial resources + every placement click. Lines = walls · curves = elevation contours. ◆ gold · ⬟ stone · ● berries · ✦ relic · ◌ wall gap
Your base· Open — 4t gap
~Giulia~'s base· Open — unwalled flank
abencp97's base· Open — unwalled flank
Nurz's base· Open — unwalled flank
Rebeca's base· Open — unwalled flank
NOOB's base· Open — unwalled flank
Smoothed initial terrain · ◌ = detected wall gap · hover for details
Inputs per minute
— Garfol - - ~Giulia~
Build order — Garfol
First 150 of 264 actions detected
| 0:02 | Create | Villager (Male) |
| 0:02 | Create | Villager (Male) |
| 0:02 | Create | Villager (Male) |
| 0:04 | Build | House |
| 0:06 | Build | House |
| 0:15 | Create | Villager (Male) |
| 0:15 | Create | Villager (Male) |
| 1:30 | Create | Villager (Male) |
| 1:49 | Build | Lumber Camp |
| 2:06 | Create | Villager (Male) |
| 2:07 | Create | Villager (Male) |
| 2:26 | Create | Villager (Male) |
| 2:55 | Create | Villager (Male) |
| 2:56 | Create | Villager (Male) |
| 3:12 | Research | Loom |
| 3:12 | Create | Villager (Male) |
| 3:58 | Create | Villager (Male) |
| 3:59 | Create | Villager (Male) |
| 4:24 | Build | House |
| 4:25 | Build | House |
| 4:37 | Create | Villager (Male) |
| 4:38 | Create | Villager (Male) |
| 5:06 | Build | Mill |
| 5:09 | Create | Villager (Male) |
| 5:09 | Create | Villager (Male) |
| 5:39 | Create | Villager (Male) |
| 5:39 | Create | Villager (Male) |
| 5:39 | Create | Villager (Male) |
| 5:47 | Build | Mill |
| 6:45 | Build | Lumber Camp |
| 6:52 | Create | Villager (Male) |
| 7:21 | Create | Villager (Male) |
| 7:38 | Create | Villager (Male) |
| 7:59 | Build | Farm |
| 8:02 | Create | Villager (Male) |
| 8:15 | Build | Farm |
| 8:27 | Build | House |
| 8:32 | Create | Villager (Male) |
| 8:39 | Build | Farm |
| 9:05 | Build | Farm |
| 9:18 | Create | Villager (Male) |
| 9:34 | Create | Villager (Male) |
| 9:41 | Build | Farm |
| 9:48 | Build | Farm |
| 9:55 | Create | Villager (Male) |
| 10:06 | Build | House |
| 10:13 | Build | Farm |
| 10:33 | Create | Villager (Male) |
| 10:39 | Build | Farm |
| 10:56 | Research | Feudal Age |
| 11:06 | Build | Barracks |
| 11:12 | Build | House |
| 11:20 | Create | Villager (Male) |
| 12:04 | Build | Mining Camp |
| 12:51 | Create | Villager (Male) |
| 13:08 | Age | Feudal Age |
| 13:17 | Build | Archery Range |
| 13:23 | Create | Villager (Male) |
| 13:34 | Research | Double-Bit Axe |
| 13:37 | Create | Villager (Male) |
| 14:11 | Create | Villager (Male) |
| 14:15 | Create | Archer |
| 14:15 | Create | Archer |
| 14:16 | Create | Archer |
| 14:16 | Create | Archer |
| 14:19 | Create | Skirmisher |
| 14:19 | Create | Skirmisher |
| 14:19 | Create | Skirmisher |
| 14:20 | Create | Skirmisher |
| 14:27 | Build | Watch Tower |
| 14:35 | Create | Villager (Male) |
| 14:46 | Build | Blacksmith |
| 14:49 | Build | Mining Camp |
| 14:51 | Create | Villager (Male) |
| 15:22 | Build | Mining Camp |
| 15:48 | Research | Fletching |
| 15:49 | Research | Padded Archer Armor |
| 15:55 | Create | Villager (Male) |
| 16:06 | Create | Villager (Male) |
| 16:20 | Create | Villager (Male) |
| 16:24 | Create | Villager (Male) |
| 16:33 | Build | Archery Range |
| 16:36 | Create | Villager (Male) |
| 16:47 | Build | Watch Tower |
| 16:50 | Create | Villager (Male) |
| 16:53 | Build | House |
| 17:04 | Research | Town Watch |
| 17:09 | Create | Skirmisher |
| 17:10 | Create | Skirmisher |
| 17:16 | Create | Villager (Male) |
| 17:46 | Build | Farm |
| 17:47 | Build | Farm |
| 17:47 | Build | Farm |
| 17:48 | Build | Farm |
| 17:49 | Build | Farm |
| 17:52 | Create | Villager (Male) |
| 18:15 | Create | Villager (Male) |
| 18:16 | Create | Villager (Male) |
| 18:25 | Build | House |
| 18:29 | Build | House |
| 18:32 | Build | House |
| 18:47 | Research | Wheelbarrow |
| 18:49 | Create | Villager (Male) |
| 18:51 | Create | Skirmisher |
| 18:52 | Create | Skirmisher |
| 18:53 | Create | Archer |
| 19:02 | Build | Mining Camp |
| 19:12 | Research | Stone Mining |
| 19:16 | Research | Horse Collar |
| 19:21 | Build | Farm |
| 19:21 | Build | Farm |
| 19:25 | Build | Farm |
| 19:25 | Build | Farm |
| 19:29 | Create | Villager (Male) |
| 19:45 | Build | House |
| 19:46 | Build | House |
| 19:48 | Create | Villager (Male) |
| 20:02 | Create | Archer |
| 20:02 | Create | Archer |
| 20:02 | Create | Archer |
| 20:03 | Create | Skirmisher |
| 20:24 | Create | Villager (Male) |
| 21:22 | Create | Villager (Male) |
| 21:25 | Build | House |
| 21:33 | Build | Market |
| 21:37 | Create | Villager (Male) |
| 21:52 | Create | Villager (Male) |
| 22:18 | Build | Stable |
| 22:20 | Build | Stable |
| 22:23 | Research | Scale Barding Armor |
| 22:23 | Research | Forging |
| 22:53 | Create | Villager (Male) |
| 23:06 | Research | Castle Age |
| 23:18 | Create | Scout Cavalry |
| 23:18 | Create | Scout Cavalry |
| 23:23 | Create | Archer |
| 23:23 | Create | Archer |
| 23:24 | Create | Archer |
| 23:24 | Create | Archer |
| 23:25 | Create | Archer |
| 23:41 | Create | Skirmisher |
| 23:41 | Create | Skirmisher |
| 23:42 | Create | Skirmisher |
| 24:02 | Build | Lumber Camp |
| 24:06 | Build | Lumber Camp |
| 24:10 | Build | Lumber Camp |
| 24:15 | Build | House |
| 24:18 | Build | House |
| 24:19 | Build | House |
| 24:20 | Build | House |
Build order — ~Giulia~
First 150 of 222 actions detected
| 0:03 | Build | House |
| 0:04 | Build | House |
| 0:05 | Create | Villager (Male) ×4 |
| 0:06 | Research | Loom |
| 0:46 | Build | House |
| 1:44 | Create | Villager (Male) |
| 1:45 | Create | Villager (Male) |
| 2:09 | Create | Villager (Male) |
| 2:09 | Create | Villager (Male) |
| 2:31 | Create | Villager (Male) |
| 2:31 | Create | Villager (Male) |
| 2:31 | Create | Villager (Male) |
| 2:50 | Build | Mill |
| 3:08 | Create | Villager (Male) |
| 3:08 | Create | Villager (Male) |
| 3:24 | Create | Villager (Male) |
| 3:25 | Create | Villager (Male) |
| 4:08 | Create | Villager (Male) |
| 4:08 | Create | Villager (Male) |
| 4:09 | Create | Villager (Male) |
| 4:29 | Create | Villager (Male) |
| 4:29 | Create | Villager (Male) |
| 5:10 | Create | Villager (Male) |
| 5:10 | Create | Villager (Male) |
| 5:27 | Build | House |
| 5:30 | Build | Lumber Camp |
| 6:18 | Create | Villager (Male) |
| 6:21 | Create | Villager (Male) |
| 6:25 | Create | Villager (Male) |
| 6:25 | Create | Villager (Male) |
| 7:11 | Create | Villager (Male) |
| 7:15 | Build | Mining Camp |
| 8:06 | Build | Barracks |
| 8:36 | Build | House |
| 9:06 | Research | Feudal Age |
| 9:58 | Build | Farm |
| 10:22 | Create | Villager (Male) |
| 10:23 | Create | Villager (Male) |
| 10:24 | Create | Villager (Male) |
| 10:28 | Create | Villager (Male) |
| 11:16 | Age | Feudal Age |
| 11:18 | Research | Town Watch |
| 11:28 | Build | Archery Range |
| 11:47 | Build | House |
| 11:54 | Build | Watch Tower |
| 12:09 | Build | Farm |
| 12:28 | Build | Farm |
| 12:59 | Research | Wheelbarrow |
| 13:20 | Build | Blacksmith |
| 13:22 | Create | Archer ×3 |
| 13:28 | Create | Archer |
| 13:47 | Research | Fletching |
| 14:08 | Create | Skirmisher |
| 14:08 | Create | Skirmisher |
| 14:16 | Create | Villager (Male) |
| 15:09 | Build | Farm |
| 15:10 | Create | Villager (Male) |
| 15:10 | Create | Villager (Male) |
| 15:10 | Create | Villager (Male) |
| 15:40 | Create | Villager (Male) |
| 15:40 | Create | Villager (Male) |
| 16:13 | Create | Skirmisher |
| 16:14 | Create | Archer |
| 16:35 | Build | House |
| 16:36 | Build | House |
| 17:35 | Build | Mining Camp |
| 17:40 | Create | Villager (Male) |
| 17:43 | Create | Villager (Male) |
| 18:46 | Build | Farm |
| 18:48 | Build | Farm |
| 19:23 | Build | Farm |
| 19:32 | Build | Farm |
| 19:36 | Build | Farm |
| 19:43 | Build | Farm |
| 19:47 | Build | Farm |
| 20:02 | Build | Farm |
| 20:05 | Build | Farm |
| 20:09 | Build | Farm |
| 20:11 | Research | Castle Age |
| 20:16 | Create | Archer |
| 20:16 | Create | Archer |
| 20:17 | Create | Skirmisher |
| 20:59 | Research | Padded Archer Armor |
| 21:31 | Build | House |
| 21:49 | Build | Archery Range |
| 22:11 | Create | Villager (Male) |
| 22:11 | Create | Villager (Male) |
| 22:51 | Age | Castle Age |
| 22:53 | Research | Crossbowman (upgrade) |
| 22:55 | Research | Elite Skirmisher (upgrade) |
| 23:00 | Build | Siege Workshop |
| 23:03 | Create | Villager (Male) |
| 23:03 | Create | Villager (Male) |
| 23:13 | Create | Archer |
| 23:13 | Create | Skirmisher |
| 23:21 | Create | Villager (Male) |
| 23:49 | Build | Town Center |
| 23:52 | Create | Battering Ram |
| 23:59 | Create | Villager (Male) |
| 24:00 | Create | Villager (Male) |
| 24:27 | Create | Spearman |
| 24:27 | Create | Spearman |
| 25:19 | Create | Archer |
| 25:19 | Create | Archer |
| 25:20 | Create | Skirmisher |
| 25:20 | Create | Skirmisher |
| 25:28 | Create | Spearman |
| 25:32 | Create | Archer |
| 25:34 | Create | Skirmisher |
| 25:54 | Create | Skirmisher |
| 25:54 | Create | Skirmisher |
| 26:04 | Create | Spearman |
| 26:16 | Create | Skirmisher |
| 26:17 | Create | Archer |
| 26:49 | Create | Villager (Male) ×5 |
| 26:54 | Create | Villager (Male) ×5 |
| 27:20 | Build | Monastery |
| 27:24 | Research | Double-Bit Axe |
| 27:27 | Build | Farm |
| 28:01 | Build | House |
| 28:03 | Build | House |
| 28:06 | Research | Bodkin Arrow |
| 28:10 | Build | Farm |
| 28:14 | Create | Villager (Male) |
| 28:14 | Create | Villager (Male) |
| 28:17 | Create | Villager (Male) |
| 28:27 | Build | Farm |
| 28:35 | Create | Monk |
| 28:41 | Build | Farm |
| 29:00 | Create | Villager (Male) |
| 29:00 | Create | Villager (Male) |
| 29:03 | Create | Villager (Male) |
| 29:03 | Create | Villager (Male) |
| 29:06 | Build | House |
| 29:16 | Build | Farm |
| 29:37 | Build | Farm |
| 30:13 | Build | Mining Camp |
| 30:21 | Create | Spearman |
| 30:22 | Create | Spearman |
| 30:27 | Create | Monk |
| 30:41 | Create | Villager (Male) |
| 30:45 | Create | Villager (Male) |
| 30:46 | Create | Villager (Male) |
| 31:04 | Build | University |
| 32:00 | Build | House |
| 32:13 | Research | Imperial Age |
| 32:19 | Research | Murder Holes |
| 32:38 | Create | Archer |
| 32:38 | Create | Archer |
| 32:39 | Create | Skirmisher |
Build order — abencp97
First 150 of 166 actions detected
| 0:03 | Build | House |
| 0:05 | Build | House |
| 0:11 | Create | Villager (Male) |
| 0:11 | Create | Villager (Male) |
| 0:11 | Create | Villager (Male) |
| 0:12 | Create | Villager (Male) |
| 0:12 | Create | Villager (Male) |
| 2:05 | Build | Lumber Camp |
| 2:07 | Create | Villager (Male) |
| 2:07 | Create | Villager (Male) |
| 3:09 | Create | Villager (Male) |
| 3:09 | Create | Villager (Male) |
| 3:09 | Create | Villager (Male) |
| 4:01 | Create | Villager (Male) |
| 4:02 | Create | Villager (Male) |
| 4:02 | Create | Villager (Male) |
| 5:04 | Build | House |
| 5:06 | Build | House |
| 5:08 | Build | House |
| 5:14 | Create | Villager (Male) |
| 5:15 | Create | Villager (Male) |
| 5:15 | Create | Villager (Male) |
| 6:13 | Build | Palisade Wall |
| 6:15 | Build | Palisade Wall |
| 6:19 | Build | Palisade Wall |
| 6:21 | Build | Palisade Wall |
| 6:52 | Build | Palisade Gate |
| 6:58 | Build | Palisade Wall |
| 7:01 | Build | Palisade Wall |
| 7:22 | Build | Mill |
| 8:28 | Create | Villager (Male) |
| 8:28 | Create | Villager (Male) |
| 8:29 | Create | Villager (Male) |
| 8:29 | Create | Villager (Male) |
| 9:34 | Build | Mill |
| 9:53 | Create | Villager (Male) |
| 10:13 | Create | Villager (Male) |
| 10:14 | Create | Villager (Male) |
| 10:15 | Create | Villager (Male) |
| 10:16 | Create | Villager (Male) |
| 11:46 | Build | Donjon |
| 11:57 | Build | House |
| 12:00 | Build | House |
| 12:24 | Research | Feudal Age |
| 13:24 | Build | Mill |
| 13:39 | Build | Mining Camp |
| 13:42 | Build | Mining Camp |
| 14:01 | Create | Villager (Male) |
| 14:02 | Create | Villager (Male) |
| 14:34 | Age | Feudal Age |
| 14:37 | Build | Blacksmith |
| 14:41 | Build | Barracks |
| 14:44 | Create | Serjeant |
| 14:45 | Create | Serjeant |
| 14:45 | Create | Serjeant |
| 14:47 | Create | Serjeant |
| 14:48 | Create | Serjeant |
| 15:22 | Create | Villager (Male) |
| 15:25 | Create | Serjeant |
| 15:57 | Research | Arson |
| 16:05 | Build | Donjon |
| 16:44 | Create | Villager (Male) |
| 17:00 | Build | House |
| 17:01 | Build | House |
| 17:04 | Build | House |
| 18:45 | Build | Donjon |
| 18:50 | Create | Serjeant |
| 18:50 | Create | Serjeant |
| 19:06 | Build | Farm |
| 19:06 | Build | Farm |
| 19:06 | Build | Farm |
| 19:06 | Build | Farm |
| 19:06 | Build | Farm |
| 19:07 | Build | Farm |
| 19:08 | Build | Farm |
| 19:09 | Build | Farm |
| 20:01 | Build | Farm |
| 20:01 | Build | Farm |
| 20:32 | Create | Spearman |
| 20:32 | Create | Spearman |
| 20:32 | Create | Spearman |
| 20:55 | Build | Palisade Wall |
| 21:42 | Build | Donjon |
| 21:47 | Research | Forging |
| 22:00 | Build | Farm |
| 22:01 | Build | Farm |
| 22:05 | Build | Farm |
| 22:06 | Build | Farm |
| 22:31 | Create | Spearman |
| 22:32 | Create | Spearman |
| 22:37 | Create | Spearman |
| 22:37 | Create | Spearman |
| 23:29 | Research | Fletching |
| 23:29 | Research | Scale Mail Armor |
| 25:07 | Create | Villager (Male) |
| 25:08 | Create | Villager (Male) |
| 25:08 | Create | Villager (Male) |
| 25:08 | Create | Villager (Male) |
| 25:09 | Create | Villager (Male) |
| 28:19 | Build | Market |
| 28:30 | Build | Lumber Camp |
| 28:35 | Create | Villager (Male) |
| 28:35 | Create | Villager (Male) |
| 28:36 | Create | Villager (Male) |
| 28:36 | Create | Villager (Male) |
| 29:50 | Build | Donjon |
| 30:09 | Build | Donjon |
| 30:31 | Create | Villager (Male) |
| 30:32 | Create | Villager (Male) |
| 30:32 | Create | Villager (Male) |
| 30:32 | Create | Villager (Male) |
| 30:39 | Create | Villager (Male) |
| 30:42 | Create | Villager (Male) |
| 30:43 | Create | Villager (Male) |
| 30:43 | Create | Villager (Male) |
| 30:52 | Build | Farm |
| 30:52 | Build | Farm |
| 31:16 | Create | Villager (Male) |
| 31:16 | Create | Villager (Male) |
| 31:16 | Create | Villager (Male) |
| 31:42 | Create | Trade Cart |
| 31:46 | Create | Villager (Male) |
| 31:47 | Create | Villager (Male) |
| 31:55 | Create | Spearman |
| 31:57 | Create | Spearman |
| 31:59 | Create | Spearman |
| 32:08 | Create | Serjeant |
| 32:09 | Create | Serjeant |
| 32:09 | Create | Serjeant |
| 32:09 | Create | Serjeant |
| 32:16 | Create | Spearman |
| 32:17 | Create | Spearman |
| 32:20 | Create | Spearman |
| 33:16 | Research | Double-Bit Axe |
| 33:23 | Research | Horse Collar |
| 33:29 | Research | Gold Mining |
| 33:50 | Build | Farm |
| 34:11 | Build | House |
| 34:12 | Build | House |
| 34:12 | Build | House |
| 34:12 | Build | House |
| 34:12 | Build | House |
| 34:13 | Build | House |
| 34:14 | Build | House |
| 35:02 | Build | Farm |
| 35:06 | Build | Farm |
| 35:14 | Create | Villager (Male) |
| 35:14 | Create | Villager (Male) |
| 35:15 | Create | Villager (Male) |
| 36:47 | Build | Farm |
Build order — Nurz
143 actions detected in the replay
| 0:06 | Build | House |
| 0:10 | Build | House |
| 0:10 | Create | Villager (Male) |
| 0:11 | Create | Villager (Male) |
| 0:11 | Create | Villager (Male) |
| 0:55 | Create | Villager (Male) |
| 0:56 | Create | Villager (Male) |
| 1:44 | Create | Villager (Male) |
| 2:31 | Create | Villager (Male) |
| 2:31 | Create | Villager (Male) |
| 2:57 | Create | Villager (Male) |
| 2:57 | Create | Villager (Male) |
| 3:25 | Create | Villager (Male) |
| 3:41 | Build | Lumber Camp |
| 3:57 | Build | Palisade Wall |
| 4:03 | Build | Palisade Wall |
| 4:06 | Build | Palisade Wall |
| 4:12 | Build | Palisade Gate |
| 4:13 | Create | Villager (Male) |
| 4:53 | Create | Villager (Male) |
| 5:15 | Create | Villager (Male) |
| 5:43 | Build | House |
| 6:07 | Build | House |
| 6:09 | Create | Villager (Male) |
| 6:29 | Build | Mill |
| 7:14 | Research | Loom |
| 7:23 | Create | Villager (Male) |
| 7:27 | Create | Villager (Male) |
| 7:51 | Build | Mill |
| 8:03 | Create | Villager (Male) |
| 8:41 | Build | Palisade Wall |
| 9:15 | Build | Farm |
| 9:22 | Build | Farm |
| 9:25 | Build | Farm |
| 9:28 | Build | Farm |
| 9:31 | Create | Villager (Male) |
| 9:32 | Create | Villager (Male) |
| 9:43 | Create | Villager (Male) |
| 10:19 | Create | Villager (Male) |
| 10:37 | Build | House |
| 10:46 | Create | Villager (Male) |
| 11:18 | Build | Mining Camp |
| 11:47 | Create | Villager (Male) |
| 12:11 | Create | Villager (Male) |
| 12:14 | Build | Farm |
| 12:44 | Build | Farm |
| 12:49 | Create | Villager (Male) |
| 13:13 | Research | Feudal Age |
| 15:20 | Build | House |
| 15:22 | Build | House |
| 15:24 | Age | Feudal Age |
| 15:34 | Create | Villager (Male) |
| 15:34 | Create | Villager (Male) |
| 15:41 | Research | Horse Collar |
| 18:57 | Build | Blacksmith |
| 19:01 | Build | Market |
| 19:41 | Research | Castle Age |
| 19:56 | Build | Mining Camp |
| 21:01 | Build | Farm |
| 21:07 | Build | Farm |
| 21:13 | Build | Farm |
| 21:36 | Research | Stone Mining |
| 22:19 | Research | Double-Bit Axe |
| 22:21 | Age | Castle Age |
| 22:24 | Create | Villager (Male) |
| 22:25 | Create | Villager (Male) |
| 22:51 | Create | Villager (Male) |
| 24:10 | Build | Castle |
| 24:18 | Create | Villager (Male) |
| 24:18 | Create | Villager (Male) |
| 24:19 | Create | Villager (Male) |
| 24:52 | Build | Town Center |
| 26:21 | Create | Villager (Male) |
| 26:21 | Create | Villager (Male) |
| 26:25 | Create | Villager (Male) |
| 26:25 | Create | Villager (Male) |
| 26:25 | Create | Villager (Male) |
| 26:37 | Build | Farm |
| 26:39 | Build | Farm |
| 26:43 | Build | Farm |
| 27:17 | Build | Farm |
| 27:20 | Build | Farm |
| 27:22 | Build | Farm |
| 27:25 | Build | Farm |
| 27:31 | Research | Wheelbarrow |
| 27:42 | Build | Farm |
| 27:47 | Build | Farm |
| 27:49 | Create | Villager (Male) |
| 27:50 | Create | Villager (Male) |
| 27:54 | Build | House |
| 27:55 | Build | House |
| 27:56 | Build | House |
| 28:05 | Build | Mining Camp |
| 28:43 | Build | House |
| 28:45 | Build | House |
| 29:02 | Build | Stone Wall |
| 29:11 | Create | Villager (Male) |
| 29:12 | Create | Villager (Male) |
| 29:42 | Research | Eupseong |
| 29:54 | Research | Stone Shaft Mining |
| 29:55 | Research | Gold Mining |
| 30:32 | Build | Market |
| 31:09 | Build | Stone Wall |
| 31:17 | Build | Lumber Camp |
| 31:18 | Research | Bow Saw |
| 31:26 | Research | Heavy Plow |
| 31:37 | Create | Villager (Male) |
| 31:37 | Create | Villager (Male) |
| 31:55 | Build | House |
| 32:17 | Build | Farm |
| 32:25 | Build | Farm |
| 32:51 | Build | Farm |
| 33:16 | Research | Imperial Age |
| 35:46 | Build | University |
| 36:19 | Research | Caravan |
| 36:20 | Create | Trade Cart |
| 36:20 | Create | Trade Cart |
| 36:20 | Create | Trade Cart |
| 36:20 | Create | Trade Cart |
| 36:21 | Create | Trade Cart |
| 36:21 | Create | Trade Cart |
| 36:26 | Age | Imperial Age |
| 36:31 | Research | Conscription |
| 36:43 | Research | Murder Holes |
| 36:52 | Build | Watch Tower |
| 37:03 | Create | Trade Cart |
| 37:03 | Create | Trade Cart |
| 37:23 | Create | Trebuchet (Packed) |
| 37:48 | Research | Fletching |
| 38:02 | Build | Watch Tower |
| 38:09 | Build | Watch Tower |
| 38:33 | Create | Trebuchet (Packed) |
| 38:33 | Create | Trebuchet (Packed) |
| 38:53 | Build | Siege Workshop |
| 39:01 | Research | Bodkin Arrow |
| 39:54 | Create | Trade Cart |
| 39:55 | Create | Trade Cart |
| 39:55 | Create | Trade Cart |
| 39:55 | Create | Trade Cart |
| 40:38 | Build | Stone Wall |
| 41:08 | Research | Ballistics |
| 41:09 | Research | Chemistry |
| 41:28 | Create | Trade Cart |
Build order — Rebeca
First 150 of 233 actions detected
| 0:09 | Build | House |
| 0:12 | Build | House |
| 0:58 | Create | Villager (Male) |
| 0:59 | Create | Villager (Male) |
| 0:59 | Create | Villager (Male) |
| 0:59 | Create | Villager (Male) |
| 2:21 | Create | Villager (Male) |
| 3:26 | Create | Villager (Male) |
| 3:27 | Create | Villager (Male) |
| 3:27 | Create | Villager (Male) |
| 3:43 | Create | Villager (Male) |
| 3:43 | Create | Villager (Male) |
| 4:37 | Create | Villager (Male) |
| 4:56 | Build | Lumber Camp |
| 5:04 | Create | Villager (Male) |
| 5:04 | Create | Villager (Male) |
| 6:01 | Research | Loom |
| 6:25 | Build | House |
| 6:34 | Build | House |
| 6:39 | Create | Villager (Male) |
| 6:40 | Create | Villager (Male) |
| 6:40 | Create | Villager (Male) |
| 6:40 | Create | Villager (Male) |
| 7:26 | Build | Mining Camp |
| 8:26 | Create | Villager (Male) |
| 8:26 | Create | Villager (Male) |
| 8:26 | Create | Villager (Male) |
| 8:33 | Build | Mill |
| 8:50 | Build | Mill |
| 9:07 | Create | Villager (Male) |
| 9:07 | Create | Villager (Male) |
| 9:29 | Create | Villager (Male) |
| 9:30 | Create | Villager (Male) |
| 9:47 | Create | Villager (Male) |
| 10:30 | Create | Villager (Male) |
| 10:30 | Create | Villager (Male) |
| 10:51 | Build | Lumber Camp |
| 11:44 | Build | Farm |
| 11:45 | Build | Farm |
| 12:05 | Create | Villager (Male) |
| 12:19 | Build | House |
| 12:23 | Create | Villager (Male) |
| 12:23 | Create | Villager (Male) |
| 12:26 | Research | Feudal Age |
| 13:00 | Build | House |
| 13:08 | Build | Farm |
| 13:44 | Create | Villager (Male) |
| 13:45 | Create | Villager (Male) |
| 13:45 | Create | Villager (Male) |
| 13:45 | Create | Villager (Male) |
| 14:36 | Age | Feudal Age |
| 14:50 | Create | Villager (Male) |
| 14:51 | Create | Villager (Male) |
| 15:47 | Build | Blacksmith |
| 15:57 | Create | Villager (Male) |
| 15:58 | Create | Villager (Male) |
| 16:20 | Build | Farm |
| 16:21 | Build | Farm |
| 16:22 | Build | Farm |
| 16:43 | Build | Siege Workshop |
| 17:05 | Build | Farm |
| 17:07 | Build | Farm |
| 17:09 | Build | Farm |
| 17:24 | Create | Villager (Male) |
| 17:24 | Create | Villager (Male) |
| 17:24 | Create | Villager (Male) |
| 17:37 | Build | Town Center |
| 17:44 | Create | Battering Ram |
| 17:44 | Create | Battering Ram |
| 17:45 | Create | Battering Ram |
| 18:26 | Build | House |
| 18:29 | Build | House |
| 18:34 | Build | House |
| 18:38 | Build | House |
| 18:45 | Build | House |
| 18:54 | Create | Battering Ram |
| 19:13 | Research | Wheelbarrow |
| 19:14 | Create | Villager (Male) |
| 19:14 | Create | Villager (Male) |
| 19:15 | Create | Villager (Male) |
| 19:17 | Create | Villager (Male) |
| 20:12 | Create | Battering Ram |
| 21:04 | Research | Castle Age |
| 21:06 | Create | Villager (Male) |
| 21:07 | Create | Villager (Male) |
| 21:07 | Create | Villager (Male) |
| 21:12 | Build | Farm |
| 21:13 | Build | Farm |
| 21:14 | Build | Farm |
| 21:17 | Build | Farm |
| 21:31 | Create | Battering Ram |
| 21:40 | Create | Villager (Male) |
| 21:41 | Create | Villager (Male) |
| 21:48 | Build | Barracks |
| 22:49 | Build | Stable |
| 22:51 | Build | Stable |
| 23:44 | Age | Castle Age |
| 23:44 | Research | Scale Barding Armor |
| 23:49 | Create | Camel Scout |
| 23:50 | Create | Camel Scout |
| 23:50 | Create | Camel Scout |
| 23:50 | Create | Camel Scout |
| 23:50 | Create | Camel Scout |
| 24:13 | Build | Farm |
| 24:14 | Build | Farm |
| 24:16 | Create | Camel Scout |
| 24:17 | Create | Camel Scout |
| 24:17 | Create | Camel Scout |
| 24:29 | Create | Camel Scout |
| 25:08 | Create | Camel Scout |
| 25:08 | Create | Camel Scout |
| 25:41 | Create | Villager (Male) |
| 25:42 | Create | Villager (Male) |
| 25:42 | Create | Villager (Male) |
| 25:42 | Create | Villager (Male) |
| 25:51 | Research | Hand Cart |
| 25:56 | Research | Fletching |
| 26:45 | Research | Capped Ram (upgrade) |
| 27:08 | Build | Farm |
| 27:10 | Build | Farm |
| 27:11 | Build | Farm |
| 27:27 | Build | Farm |
| 27:28 | Build | Farm |
| 27:32 | Create | Villager (Male) |
| 27:33 | Create | Villager (Male) |
| 27:34 | Create | Villager (Male) |
| 27:35 | Create | Villager (Male) |
| 27:40 | Research | Double-Bit Axe |
| 28:11 | Build | House |
| 28:12 | Build | House |
| 28:15 | Build | House |
| 28:16 | Build | House |
| 28:17 | Build | House |
| 28:34 | Research | Bodkin Arrow |
| 28:42 | Research | Horse Collar |
| 28:45 | Research | Bow Saw |
| 28:50 | Research | Gold Mining |
| 29:12 | Build | Archery Range |
| 29:14 | Build | Archery Range |
| 30:21 | Research | Elite Skirmisher (upgrade) |
| 30:49 | Research | Elite Skirmisher (upgrade) |
| 31:05 | Research | Elite Skirmisher (upgrade) |
| 31:06 | Create | Skirmisher |
| 31:06 | Create | Skirmisher |
| 31:06 | Create | Skirmisher |
| 31:06 | Create | Skirmisher |
| 31:07 | Create | Skirmisher |
| 31:11 | Create | Skirmisher |
| 31:11 | Create | Skirmisher |
| 31:12 | Create | Skirmisher |
Build order — NOOB
First 150 of 275 actions detected
| 0:01 | Create | Villager (Male) |
| 0:02 | Create | Villager (Male) |
| 0:03 | Build | House |
| 0:05 | Build | House |
| 0:31 | Create | Villager (Male) |
| 0:32 | Create | Villager (Male) |
| 1:32 | Create | Villager (Male) |
| 1:33 | Create | Villager (Male) |
| 2:00 | Create | Villager (Male) |
| 2:28 | Create | Villager (Male) |
| 3:08 | Create | Villager (Male) |
| 3:09 | Create | Villager (Male) |
| 3:09 | Create | Villager (Male) |
| 3:39 | Build | Lumber Camp |
| 3:48 | Build | Lumber Camp |
| 3:55 | Create | Villager (Male) |
| 4:40 | Create | Villager (Male) |
| 4:40 | Create | Villager (Male) |
| 4:43 | Create | Villager (Male) |
| 4:43 | Create | Villager (Male) |
| 5:11 | Build | House |
| 5:25 | Research | Loom |
| 5:34 | Build | Palisade Wall |
| 5:42 | Build | Palisade Gate |
| 5:51 | Build | Mill |
| 5:54 | Create | Villager (Male) |
| 5:54 | Create | Villager (Male) |
| 5:55 | Create | Villager (Male) |
| 6:25 | Create | Villager (Male) |
| 6:26 | Create | Villager (Male) |
| 7:09 | Build | Mill |
| 7:27 | Create | Villager (Male) |
| 7:28 | Create | Villager (Male) |
| 7:31 | Create | Villager (Male) |
| 7:41 | Build | House |
| 8:12 | Build | Farm |
| 8:14 | Build | House |
| 8:30 | Build | Palisade Wall |
| 8:34 | Create | Villager (Male) |
| 8:38 | Build | Farm |
| 8:47 | Build | Farm |
| 9:17 | Research | Feudal Age |
| 9:42 | Build | Mining Camp |
| 10:05 | Build | Mining Camp |
| 11:18 | Build | Barracks |
| 11:29 | Build | House |
| 11:35 | Age | Feudal Age |
| 11:35 | Create | Villager (Male) |
| 11:35 | Create | Villager (Male) |
| 12:30 | Build | Blacksmith |
| 12:48 | Create | Villager (Male) |
| 12:48 | Create | Villager (Male) |
| 13:42 | Build | Stable |
| 14:04 | Create | Villager (Male) |
| 14:37 | Research | Castle Age |
| 14:57 | Build | Stable |
| 15:20 | Build | Farm |
| 15:23 | Build | Farm |
| 15:26 | Build | Farm |
| 15:38 | Build | Farm |
| 15:46 | Research | Double-Bit Axe |
| 16:12 | Build | House |
| 16:14 | Build | House |
| 16:17 | Create | Villager (Male) |
| 16:18 | Create | Villager (Male) |
| 16:49 | Research | Forging |
| 17:01 | Research | Scale Barding Armor |
| 17:17 | Age | Castle Age |
| 17:22 | Create | Knight |
| 17:41 | Build | Siege Workshop |
| 17:49 | Create | Knight |
| 17:52 | Create | Knight |
| 18:15 | Build | Mining Camp |
| 18:19 | Create | Villager (Male) |
| 18:19 | Create | Villager (Male) |
| 18:20 | Create | Villager (Male) |
| 18:22 | Build | Farm |
| 18:25 | Build | Farm |
| 18:33 | Create | Battering Ram |
| 18:59 | Build | Farm |
| 19:01 | Create | Villager (Male) |
| 19:01 | Create | Villager (Male) |
| 19:44 | Build | Farm |
| 19:47 | Build | Farm |
| 19:48 | Create | Villager (Male) |
| 20:09 | Create | Knight |
| 20:10 | Create | Knight |
| 20:37 | Build | Farm |
| 20:42 | Build | Farm |
| 20:43 | Create | Villager (Male) |
| 20:44 | Create | Villager (Male) |
| 21:14 | Build | Farm |
| 21:15 | Create | Villager (Male) |
| 21:16 | Create | Villager (Male) |
| 21:36 | Create | Battering Ram |
| 21:56 | Create | Villager (Male) |
| 21:57 | Create | Villager (Male) |
| 22:03 | Build | Farm |
| 22:07 | Build | House |
| 22:08 | Build | House |
| 22:09 | Build | House |
| 22:50 | Create | Knight |
| 23:13 | Build | Mining Camp |
| 24:17 | Create | Knight |
| 24:18 | Create | Knight |
| 25:09 | Research | Pikeman (upgrade) |
| 25:10 | Research | Squires |
| 25:19 | Create | Villager (Male) |
| 25:19 | Create | Villager (Male) |
| 25:20 | Create | Villager (Male) |
| 25:23 | Create | Villager (Male) |
| 25:42 | Build | Town Center |
| 25:46 | Create | Spearman |
| 25:57 | Build | Castle |
| 26:21 | Build | House |
| 26:23 | Build | House |
| 26:50 | Research | Gold Mining |
| 26:53 | Research | Bow Saw |
| 27:01 | Build | House |
| 27:02 | Build | House |
| 27:06 | Research | Wheelbarrow |
| 27:10 | Create | Villager (Male) |
| 27:10 | Create | Villager (Male) |
| 27:10 | Create | Villager (Male) |
| 27:12 | Create | Villager (Male) |
| 27:13 | Build | Farm |
| 27:16 | Build | Farm |
| 27:18 | Build | Farm |
| 27:21 | Build | Farm |
| 27:24 | Build | Farm |
| 27:27 | Build | Farm |
| 27:29 | Create | Villager (Male) |
| 27:34 | Create | Spearman |
| 27:34 | Create | Spearman |
| 27:45 | Create | Spearman |
| 28:11 | Create | Villager (Male) |
| 28:23 | Create | Villager (Male) |
| 28:24 | Create | Villager (Male) |
| 28:29 | Build | Farm |
| 28:45 | Build | Monastery |
| 29:36 | Create | Monk |
| 29:52 | Create | Villager (Male) |
| 29:52 | Create | Villager (Male) |
| 29:55 | Create | Villager (Male) |
| 29:55 | Create | Villager (Male) |
| 29:56 | Create | Villager (Male) |
| 30:09 | Create | Spearman |
| 30:09 | Create | Spearman |
| 30:19 | Build | Barracks |
| 30:20 | Build | Barracks |
Match timeline
| 3:57 | Nurz · wall_segment Palisade Wall x4 |
| 4:03 | Nurz · wall_segment Palisade Wall x4 |
| 4:06 | Nurz · wall_segment Palisade Wall x5 |
| 5:34 | NOOB · wall_segment Palisade Wall x4 |
| 6:13 | abencp97 · wall_segment Palisade Wall x6 |
| 6:15 | abencp97 · wall_segment Palisade Wall x4 |
| 6:19 | abencp97 · wall_segment Palisade Wall x4 |
| 6:21 | abencp97 · wall_segment Palisade Wall x5 |
| 6:58 | abencp97 · wall_segment Palisade Wall x4 |
| 7:01 | abencp97 · wall_segment Palisade Wall x9 |
| 8:06 | ~Giulia~ · first_building Barracks |
| 8:30 | NOOB · wall_segment Palisade Wall x1 |
| 8:41 | Nurz · wall_segment Palisade Wall x6 |
| 11:06 | Garfol · first_building Barracks |
| 11:16 | ~Giulia~ · age_up feudal |
| 11:18 | NOOB · first_building Barracks |
| 11:28 | ~Giulia~ · first_building Archery Range |
| 11:35 | NOOB · age_up feudal |
| 11:46 | abencp97 · first_building Donjon |
| 13:08 | Garfol · age_up feudal |
| 13:17 | Garfol · first_building Archery Range |
| 13:42 | NOOB · first_building Stable |
| 14:34 | abencp97 · age_up feudal |
| 14:36 | Rebeca · age_up feudal |
| 14:41 | abencp97 · first_building Barracks |
| 15:24 | Nurz · age_up feudal |
| 16:43 | Rebeca · first_building Siege Workshop |
| 17:17 | NOOB · age_up castle |
| 17:41 | NOOB · first_building Siege Workshop |
| 20:55 | abencp97 · wall_segment Palisade Wall x4 |
| 21:48 | Rebeca · first_building Barracks |
| 22:18 | Garfol · first_building Stable |
| 22:21 | Nurz · age_up castle |
| 22:49 | Rebeca · first_building Stable |
| 22:51 | ~Giulia~ · age_up castle |
| 23:00 | ~Giulia~ · first_building Siege Workshop |
| 23:03 | Garfol · first_market_buy 100 food |
| 23:44 | Rebeca · age_up castle |
| 24:10 | Nurz · first_building Castle |
| 25:57 | NOOB · first_building Castle |
| 26:02 | Garfol · age_up castle |
| 27:20 | ~Giulia~ · first_building Monastery |
| 28:45 | Garfol · first_building Castle |
| 28:45 | NOOB · first_building Monastery |
| 29:02 | Nurz · wall_segment Stone Wall x19 |
| 29:12 | Rebeca · first_building Archery Range |
| 29:29 | abencp97 · first_market_buy 100 stone |
| 30:36 | Garfol · first_building Monastery |
| 31:09 | Nurz · wall_segment Stone Wall x10 |
| 34:10 | NOOB · age_up imperial |
| 35:23 | ~Giulia~ · age_up imperial |
| 36:26 | Nurz · age_up imperial |
| 37:22 | ~Giulia~ · first_market_buy 100 stone |
| 37:38 | ~Giulia~ · first_building Castle |
| 38:53 | Nurz · first_building Siege Workshop |
| 39:50 | abencp97 · age_up castle |
| 40:02 | abencp97 · tribute_sent a jugador 1 |
| 40:02 | abencp97 · tribute_sent a jugador 3 |
| 40:02 | abencp97 · tribute_sent a jugador 4 |
| 40:02 | abencp97 · tribute_sent a jugador 5 |
| 40:02 | abencp97 · tribute_sent a jugador 6 |
| 40:38 | Nurz · wall_segment Stone Wall x5 |
| 41:42 | abencp97 · resign |
[ AI ANALYSIS · 1 CREDIT ]
What really happened in this match?
Wolo.gg analyzes every decision: build order, eco, micro, common mistakes by bracket. Personalized analysis on WhatsApp or Discord in 30 seconds.
Civ guide
Ethiopians
Perfil
Jugador #2268949